[Event "Guimaraes Open 2019"]
[Site "Guimaraes"]
[Date "2019.09.01"]
[Round "7.12"]
[White "Camarena Jimenez, Rufino"]
[Black "Hernandez Torralba, Jose Joaquin"]
[Result "1-0"]
[ECO "D85"]
[WhiteElo "2317"]
[BlackElo "2061"]
[Annotator "ChessBase"]
[PlyCount "71"]
[EventDate "2019.08.28"]
[EventType "swiss"]
[EventCountry "POR"]
[SourceTitle "playchess.com"]
[Source "ChessBase"]
[SourceQuality "1"]
[TimeControl "5400+30"]

1. d4 Nf6 2. c4 g6 3. Nc3 d5 4. cxd5 Nxd5 5. e4 Nxc3 6. bxc3 Bg7 7. Qa4+ Nd7 8. Nf3 c5 9. Bg5 O-O 10. Rd1 h6 11. Be3 cxd4 12. cxd4 Nb6 13. Qa5 Be6 14. d5 Bg4 15. Be2 Qd7 16. O-O Bxf3 17. gxf3 g5 18. Kg2 Be5 19. h4 f6 20. Rh1 Kg7 21. Rdg1 Bc7 22. Qd2 Rg8 23. Kf1 Kf7 24. hxg5 hxg5 25. f4 g4 26. Rh7+ Ke8 27. f5 Qa4 28. d6 Nc4 29. Rxe7+ Kd8 30. Bxc4 Qxc4+ 31. Kg2 Bb6 32. Rc1 Qb5 33. Qc3 Rf8 34. Bxb6+ Qxb6 35. Qc7+ Qxc7 36. Rcxc7 1-0

[Event "Guimaraes Open 2019"]
[Site "Guimaraes"]
[Date "2019.09.01"]
[Round "7.13"]
[White "Rodrigues, Afonso"]
[Black "Tilicheev, Viacheslav"]
[Result "0-1"]
[ECO "A80"]
[WhiteElo "2134"]
[BlackElo "2482"]
[Annotator "ChessBase"]
[PlyCount "66"]
[EventDate "2019.08.28"]
[EventType "swiss"]
[EventCountry "POR"]
[SourceTitle "playchess.com"]
[Source "ChessBase"]
[SourceQuality "1"]
[TimeControl "5400+30"]

1. d4 f5 2. Bf4 Nf6 3. e3 e6 4. Nf3 Be7 5. h3 O-O 6. Bd3 b6 7. g4 Nd5 8. Bh2 Bb7 9. Nbd2 f4 10. e4 Nb4 11. Qe2 c5 12. c3 Nxd3+ 13. Qxd3 cxd4 14. Nxd4 Nc6 15. Nxc6 Bxc6 16. O-O-O b5 17. f3 e5 18. Kb1 Qc7 19. Bg1 Rfd8 20. Bf2 d5 21. Qc2 Qb7 22. Rhe1 Rac8 23. exd5 Bxd5 24. Qf5 Qa6 25. a3 Bxa3 26. Qxe5 Ba2+ 27. Kc2 Bd6 28. Qe4 b4 29. Bd4 Qa4+ 30. Kd3 bxc3 31. bxc3 Bf7 32. Qb7 Rb8 33. Qxa7 Qxa7 0-1

[Event "Guimaraes Open 2019"]
[Site "Guimaraes"]
[Date "2019.09.01"]
[Round "7.15"]
[White "Garcia Moreno, Carlos"]
[Black "Gomez Peco, David"]
[Result "0-1"]
[ECO "B31"]
[WhiteElo "2292"]
[BlackElo "2104"]
[Annotator "ChessBase"]
[PlyCount "94"]
[EventDate "2019.08.28"]
[EventType "swiss"]
[EventCountry "POR"]
[SourceTitle "playchess.com"]
[Source "ChessBase"]
[SourceQuality "1"]
[TimeControl "5400+30"]

1. e4 c5 2. Nf3 Nc6 3. Bb5 g6 4. O-O Bg7 5. c3 e5 6. Re1 Nge7 7. b4 cxb4 8. cxb4 O-O 9. Nc3 d6 10. Rb1 Bg4 11. Be2 d5 12. exd5 Nxd5 13. b5 Nce7 14. Ba3 Re8 15. Qa4 Nf4 16. Bf1 Bxf3 17. gxf3 Nf5 18. Ne4 Nd4 19. Re3 f5 20. Nd6 Re6 21. Nxb7 Qg5+ 22. Kh1 Qh4 23. Nc5 Ree8 24. Nd3 Nxd3 25. Rxd3 Qxf2 26. Bc5 Rad8 27. Bxa7 Bh6 28. Qd1 Bf4 29. Bg2 Qh4 30. h3 Qg3 31. Qg1 Ne2 32. Rxd8 Nxg1 33. Rxe8+ Kf7 34. Bxg1 Kxe8 35. d3 e4 36. dxe4 fxe4 37. fxe4 Qd3 38. Rb3 Qc2 39. Ra3 Qc1 40. Rf3 Be5 41. b6 Qb1 42. Rb3 Qxa2 43. Rb5 Qa1 44. b7 Bb8 45. e5 Ke7 46. Rb3 Ba7 47. Bf1 Qxf1 0-1

[Event "Guimaraes Open 2019"]
[Site "Guimaraes"]
[Date "2019.09.01"]
[Round "7.16"]
[White "Redondo Arguelles, Graciela"]
[Black "Alonso Garcia, Aaron"]
[Result "0-1"]
[ECO "B06"]
[WhiteElo "2021"]
[BlackElo "2291"]
[Annotator "NA"]
[PlyCount "108"]
[EventDate "2019.08.28"]
[EventType "swiss"]
[EventCountry "POR"]
[SourceTitle "playchess.com"]
[Source "ChessBase"]
[SourceQuality "1"]
[TimeControl "5400+30"]

1. e4 g6 2. d4 Bg7 3. c3 d6 4. Nf3 Nf6 5. Bd3 O-O 6. O-O Nc6 7. h3 e5 8. Be3 Nh5 {[%emt 0:13:52] B07: Pirc Defence: Miscellaneous Systems} (8... h6 9. Nbd2 Nh5 10. dxe5 dxe5 11. Bb5 Qf6 12. Nc4 a6 13. Bxc6 Qxc6 14. Qd5 Qe8 15. Ncxe5 Nf6 16. Qc4 {½-½ (94) Grigoryan,K (2602)-Petrosian,T (2625) Yerevan 2015}) 9. dxe5 dxe5 10. Bc4 Na5 $146 ({Predecessor:} 10... Qe7 11. b4 b6 12. Bd5 Bb7 {½-½ (35) Porwol,A (2116)-Gorol,J Poland 2008}) 11. Bb5 a6 12. Ba4 b5 13. Bc2 Bb7 14. Nbd2 Nf4 15. b4 Nc4 16. Nxc4 bxc4 17. Nd2 Qd7 18. Nxc4 Qb5 19. Na3 Ne2+ 20. Kh2 Nxc3 21. Nxb5 Nxd1 22. Rfxd1 axb5 23. Rd7 Rac8 24. f3 Rfd8 25. Rad1 Rxd7 26. Rxd7 Bc6 27. Rd3 Bf8 28. a3 Bd6 29. Bh6 $11 f5 30. Bb3+ Kh8 31. exf5 gxf5 32. Kg1 Bd7 33. g4 Ra8 34. Bd5 Ra6 35. Be3 Bc6 36. Be6 f4 37. Bf2 Kg7 38. Rc3 Kf8 39. Bc8 Ra8 40. Bf5 Bd5 41. Bxh7 Ke7 42. Be4 c6 43. Bh4+ Kf7 44. Rd3 Rh8 45. Bxd5+ cxd5 46. Rxd5 Ke6 47. Rxb5 Rxh4 48. Kg2 Rh8 49. a4 Rc8 50. Rb7 Rc2+ 51. Kf1 e4 52. fxe4 f3 53. Rb5 Bg3 54. Rf5 Rc1# 0-1

[Event "Guimaraes Open 2019"]
[Site "Guimaraes"]
[Date "2019.09.01"]
[Round "7.17"]
[White "Fidalgo, Andre Neves"]
[Black "Bukhteeva, Viktoria"]
[Result "1/2-1/2"]
[ECO "A09"]
[WhiteElo "2261"]
[BlackElo "2128"]
[Annotator "NA"]
[PlyCount "51"]
[EventDate "2019.08.28"]
[EventType "swiss"]
[EventCountry "POR"]
[SourceTitle "playchess.com"]
[Source "ChessBase"]
[SourceQuality "1"]
[TimeControl "5400+30"]

1. Nf3 d5 2. c4 d4 3. e3 Nc6 4. b4 Bg4 5. b5 Ne5 6. Bb2 Bxf3 7. gxf3 c5 8. f4 Ng6 9. Qf3 Qb6 10. a4 a5 11. Bg2 O-O-O 12. h4 h5 13. exd4 e6 14. f5 exf5 15. Qxf5+ Kb8 16. d5 Nh6 17. Qf3 Bd6 18. Qxh5 Nf4 19. Qf3 Nf5 20. h5 Rde8+ 21. Kd1 Qd8 22. Qg4 Nh6 23. Qf3 Nf5 24. Qg4 Nh6 25. Qf3 Nf5 26. Qg4 1/2-1/2

[Event "Guimaraes Open 2019"]
[Site "Guimaraes"]
[Date "2019.09.01"]
[Round "7.18"]
[White "Lopez Gonzalez, Alfonso"]
[Black "Sismeiro, Miguel"]
[Result "1-0"]
[ECO "D86"]
[WhiteElo "2219"]
[BlackElo "2054"]
[Annotator "NA"]
[PlyCount "155"]
[EventDate "2019.08.28"]
[EventType "swiss"]
[EventCountry "POR"]
[SourceTitle "playchess.com"]
[Source "ChessBase"]
[SourceQuality "1"]
[TimeControl "5400+30"]

1. d4 Nf6 2. c4 g6 3. Nc3 d5 4. cxd5 Nxd5 5. e4 Nxc3 6. bxc3 Bg7 7. Bc4 O-O 8. Ne2 Nc6 9. O-O b6 10. Be3 Bb7 11. f3 Na5 12. Bd3 e5 13. d5 c5 14. c4 Bc8 15. Nc1 Nb7 16. Nb3 Nd6 17. a4 a5 18. Nd2 f5 19. Rb1 f4 20. Bf2 g5 21. h3 h5 22. Be2 Bd7 23. Re1 Rb8 24. Kf1 Qe8 25. Ra1 Qg6 26. Qb3 Kf7 27. Bd1 g4 28. hxg4 hxg4 29. fxg4 Bxg4 30. Bf3 Ke7 31. Qd3 Rh8 32. Ke2 Rh2 33. Rg1 Kd7 34. g3 Bxf3+ 35. Qxf3 Qf6 36. gxf4 Bh6 37. Rh1 Rxf2+ 38. Qxf2 Rf8 39. Qh4 Bxf4 40. Qxf6 Rxf6 41. Raf1 Rg6 42. Rfg1 Rxg1 43. Rxg1 Bxd2 44. Rg7+ Kd8 45. Kxd2 Nxc4+ 46. Kc3 Nd6 47. Kd3 c4+ 48. Ke3 c3 49. Kd3 c2 50. Rg1 Nb7 51. Kxc2 Nc5 52. Rg5 Nxe4 53. Rxe5 Nc5 54. Kc3 Nxa4+ 55. Kc4 Kd7 56. Re6 Kc7 57. Rc6+ Kd7 58. Kb5 Nb2 59. Rxb6 Nd3 60. Kc4 Ne5+ 61. Kd4 Nf3+ 62. Kc5 Ne5 63. Rb7+ Kc8 64. Ra7 Nd7+ 65. Kd4 Nb6 66. Rxa5 Kc7 67. Rc5+ Kd7 68. Rc1 Nc8 69. Rh1 Ne7 70. Ra1 Nc8 71. Ke5 Nb6 72. Ra7+ Kd8 73. Rh7 Nc4+ 74. Ke6 Kc8 75. d6 Nb6 76. d7+ Kc7 77. Rh8 Nxd7 78. Rh7 1-0

[Event "Guimaraes Open 2019"]
[Site "Guimaraes"]
[Date "2019.09.01"]
[Round "7.19"]
[White "Lopez Quevedo, Eduardo"]
[Black "Silva, Pedro Gil Ferreira D"]
[Result "1-0"]
[ECO "A46"]
[WhiteElo "2188"]
[BlackElo "1960"]
[Annotator "NA"]
[PlyCount "49"]
[EventDate "2019.08.28"]
[EventType "swiss"]
[EventCountry "POR"]
[SourceTitle "playchess.com"]
[Source "ChessBase"]
[SourceQuality "1"]
[TimeControl "5400+30"]

1. d4 Nf6 2. Nf3 e6 3. Bf4 c5 4. e3 d5 5. Nbd2 Nc6 6. c3 Bd6 7. Bg3 O-O 8. Bd3 b6 9. Ne5 Qc7 10. f4 Bb7 11. Bh4 Be7 12. Qf3 g6 13. Bg5 Ne4 14. Bxe7 Nxd2 15. Kxd2 Nxe7 16. Qh3 Qd6 17. Qh6 Nf5 18. Bxf5 exf5 19. h4 f6 20. Nxg6 hxg6 21. Qxg6+ Kh8 22. Qh6+ Kg8 23. Rh3 Ba6 24. Qg6+ Kh8 25. Qh5+ 1-0

[Event "Guimaraes Open 2019"]
[Site "Guimaraes"]
[Date "2019.09.01"]
[Round "7.21"]
[White "De Prado Rodriguez, Oscar Bruno"]
[Black "Fernandes, Joao Pedro Murtinho"]
[Result "1-0"]
[ECO "A45"]
[WhiteElo "2155"]
[BlackElo "2044"]
[Annotator "NA"]
[PlyCount "57"]
[EventDate "2019.08.28"]
[EventType "swiss"]
[EventCountry "POR"]
[SourceTitle "playchess.com"]
[Source "ChessBase"]
[SourceQuality "1"]
[TimeControl "5400+30"]

1. d4 Nf6 2. Bf4 e6 3. e3 b6 4. Nf3 Bb7 5. Bd3 g6 6. Nbd2 Bg7 7. Qe2 d6 8. e4 Nc6 9. c3 O-O 10. O-O-O Na5 11. h4 c5 12. dxc5 bxc5 13. h5 Qb6 14. hxg6 fxg6 15. Ng5 Rab8 16. Nc4 Nxc4 17. Bxc4 d5 18. Bxb8 Rxb8 19. exd5 exd5 20. Bb3 c4 21. Ba4 Bc8 22. Be8 Bf5 23. Bf7+ Kh8 24. Bxd5 Nxd5 25. Rxh7+ Kg8 26. Rxd5 Bxc3 27. Rd8+ Rxd8 28. Qxc4+ Be6 29. Qxc3 1-0

[Event "Guimaraes Open 2019"]
[Site "Guimaraes"]
[Date "2019.09.01"]
[Round "7.22"]
[White "Torrijos Garcia, Borja"]
[Black "Reboredo Martinez, Claudio"]
[Result "1-0"]
[ECO "A20"]
[WhiteElo "2153"]
[BlackElo "1931"]
[Annotator "NA"]
[PlyCount "73"]
[EventDate "2019.08.28"]
[EventType "swiss"]
[EventCountry "POR"]
[SourceTitle "playchess.com"]
[Source "ChessBase"]
[SourceQuality "1"]
[TimeControl "5400+30"]

1. c4 e5 2. g3 g6 3. Bg2 Bg7 4. Nc3 Ne7 5. e3 O-O 6. Nge2 d6 7. O-O Nbc6 8. a3 a5 9. Qc2 f5 10. d3 Kh8 11. Bd2 g5 12. f4 Ng6 13. Nd5 exf4 14. exf4 Nd4 15. Nxd4 Bxd4+ 16. Kh1 c6 17. Bc3 Bxc3 18. Qxc3+ Kg8 19. Ne3 gxf4 20. gxf4 Qf6 21. Rae1 Bd7 22. Qxf6 Rxf6 23. Nc2 Rff8 24. Nd4 Kf7 25. Bh3 Kf6 26. Kg2 Rae8 27. Kf3 c5 28. Ne2 Re7 29. Ng3 Bc6+ 30. Kf2 Rxe1 31. Nh5+ Kf7 32. Rxe1 Re8 33. Rxe8 Kxe8 34. Bxf5 Kf7 35. Be4 Bd7 36. Bxb7 Bg4 37. Bf3 1-0

[Event "Guimaraes Open 2019"]
[Site "Guimaraes"]
[Date "2019.09.01"]
[Round "7.23"]
[White "Gonzalez Eiris, Daniel"]
[Black "Santos, Jose Guilherme B Lim"]
[Result "0-1"]
[ECO "B53"]
[WhiteElo "1977"]
[BlackElo "2213"]
[Annotator "NA"]
[PlyCount "184"]
[EventDate "2019.08.28"]
[EventType "swiss"]
[EventCountry "POR"]
[SourceTitle "playchess.com"]
[Source "ChessBase"]
[SourceQuality "1"]
[TimeControl "5400+30"]

1. e4 c5 2. Nf3 d6 3. d4 cxd4 4. Qxd4 e5 5. Qd3 Nd7 6. Nc3 h6 7. Be3 a6 8. Nd2 b5 9. a4 b4 10. Nd5 Ngf6 11. a5 Bb7 12. Nxb4 Be7 13. Nd5 Nxd5 14. exd5 O-O 15. Nc4 f5 16. Nb6 f4 17. Nxd7 fxe3 18. Nxf8 exf2+ 19. Kd1 Qxf8 20. Be2 Qf4 21. Bf3 Bg5 22. b3 Rf8 23. Ke2 Bc8 24. g3 Qf6 25. h4 e4 26. Qxe4 Qf7 27. hxg5 Re8 28. Qxe8+ Qxe8+ 29. Kxf2 Qg6 30. Rae1 hxg5 31. Re2 g4 32. Be4 Bf5 33. Rhe1 Qf6 34. Kg1 Qd4+ 35. Kh1 Bxe4+ 36. Rxe4 Qxd5 37. b4 Qf5 38. Rf4 Qxc2 39. Ree4 Qd1+ 40. Kg2 d5 41. Rd4 Qe2+ 42. Kg1 g5 43. Rxg4 Kf7 44. b5 Qxb5 45. Ra4 Kf6 46. Rgb4 Qe2 47. Rg4 Kf5 48. Rgd4 Ke5 49. Rg4 Kd6 50. Rgd4 Kc5 51. Rg4 Kd6 52. Rgd4 Kc6 53. Rdb4 Qf3 54. Kh2 Kc5 55. Rg4 Qf2+ 56. Kh1 Kd6 57. Rad4 Kc6 58. Rb4 Kd6 59. Rbd4 Kc5 60. Ra4 d4 61. Rxg5+ Kd6 62. Rg6+ Ke5 63. Rg5+ Kf6 64. Rg8 Qe1+ 65. Kh2 Qe2+ 66. Kh3 Qh5+ 67. Kg2 Qd5+ 68. Kf2 Qxg8 69. Rxd4 Qa2+ 70. Ke3 Qxa5 71. Ke4 Qe5+ 72. Kd3 Qxg3+ 73. Kc4 Qc7+ 74. Kb3 Ke5 75. Rb4 Kd5 76. Ka4 Kc5 77. Rb2 Qf4+ 78. Ka3 Qc1 79. Kb3 Qc4+ 80. Ka3 Qc3+ 81. Ka2 a5 82. Rb3 Qd2+ 83. Rb2 Qd5+ 84. Ka3 Qd1 85. Rc2+ Kb5 86. Rb2+ Ka6 87. Ra2 Qb1 88. Rb2 Qa1+ 89. Kb3 a4+ 90. Kc2 a3 91. Rb1 Qa2+ 92. Kc1 Qc4+ 0-1

[Event "Guimaraes Open 2019"]
[Site "Guimaraes"]
[Date "2019.09.01"]
[Round "7.24"]
[White "Nieves Cabanes, Javier"]
[Black "Marinc, Damir"]
[Result "1-0"]
[ECO "A13"]
[WhiteElo "2211"]
[BlackElo "1895"]
[Annotator "NA"]
[PlyCount "69"]
[EventDate "2019.08.28"]
[EventType "swiss"]
[EventCountry "POR"]
[SourceTitle "playchess.com"]
[Source "ChessBase"]
[SourceQuality "1"]
[TimeControl "5400+30"]

1. Nf3 e6 2. c4 d5 3. d4 c6 4. Nc3 f5 5. Bf4 Nf6 6. e3 Be7 7. Bd3 O-O 8. h3 Ne4 9. g4 Kh8 10. gxf5 exf5 11. cxd5 Nxc3 12. bxc3 cxd5 13. h4 Nc6 14. Ng5 Bxg5 15. hxg5 g6 16. Rb1 Rf7 17. Qa4 a6 18. c4 Be6 19. c5 Qa5+ 20. Qxa5 Nxa5 21. Rb6 Re8 22. Kd2 Kg8 23. Kc3 Rd7 24. Rhb1 Rf7 25. Rd6 Rd7 26. Rxd7 Bxd7 27. Bc7 Nc4 28. Rxb7 Bb5 29. Kb4 Bc6 30. Ra7 Ra8 31. Rxa8+ Bxa8 32. Bxc4 dxc4 33. Kxc4 Kf7 34. d5 Bb7 35. c6 1-0

[Event "Guimaraes Open 2019"]
[Site "Guimaraes"]
[Date "2019.09.01"]
[Round "7.25"]
[White "Jimenez Fernandez, Rebeca"]
[Black "Garcia Sobrino, David"]
[Result "1-0"]
[ECO "B26"]
[WhiteElo "1928"]
[BlackElo "2195"]
[Annotator "NA"]
[PlyCount "109"]
[EventDate "2019.08.28"]
[EventType "swiss"]
[EventCountry "POR"]
[SourceTitle "playchess.com"]
[Source "ChessBase"]
[SourceQuality "1"]
[TimeControl "5400+30"]

1. e4 c5 2. Nc3 Nc6 3. g3 g6 4. Bg2 Bg7 5. d3 d6 6. Be3 Nf6 7. h3 O-O 8. Qd2 Rb8 9. Bh6 b5 10. Bxg7 Kxg7 11. f4 Nd4 12. Nf3 b4 13. Nd1 e6 14. g4 a5 15. Ne3 Bb7 16. O-O d5 17. e5 Nd7 18. Nxd4 cxd4 19. Nd1 Rc8 20. Nf2 Qc7 21. Rac1 f6 22. exf6+ Rxf6 23. Nh1 Rcf8 24. Rce1 Nc5 25. Ng3 Bc8 26. Ne2 Na4 27. g5 R6f7 28. Nxd4 Nxb2 29. Nxe6+ Bxe6 30. Rxe6 Rxf4 31. Rxf4 Qxf4 32. Re7+ Kh8 33. Qxf4 Rxf4 34. Bxd5 h5 35. Be4 Nd1 36. Bxg6 Rf3 37. Bxh5 Rg3+ 38. Kh2 Re3 39. Rxe3 Nxe3 40. d4 Nxc2 41. d5 Nd4 42. d6 Kg7 43. d7 Ne6 44. Bd1 Kf8 45. Bb3 Nd8 46. h4 Ke7 47. g6 Kf6 48. h5 Nc6 49. Bc2 Kg7 50. Kg3 Kh6 51. Kf4 Nd8 52. Ke5 Kg7 53. Kd6 a4 54. Bxa4 Kf6 55. Bb3 1-0

[Event "Guimaraes Open 2019"]
[Site "Guimaraes"]
[Date "2019.09.01"]
[Round "7.26"]
[White "Patino Romaris, Juan Roberto"]
[Black "Beltran Ortiz, Edda Georgina"]
[Result "1-0"]
[ECO "A58"]
[WhiteElo "2141"]
[BlackElo "1729"]
[Annotator "ChessBase"]
[PlyCount "119"]
[EventDate "2019.08.28"]
[EventType "swiss"]
[EventCountry "POR"]
[SourceTitle "playchess.com"]
[Source "ChessBase"]
[SourceQuality "1"]
[TimeControl "5400+30"]

1. d4 Nf6 2. c4 c5 3. d5 b5 4. cxb5 a6 5. bxa6 Bxa6 6. Nc3 g6 7. g3 d6 8. Bg2 Bg7 9. Nh3 O-O 10. Nf4 Nbd7 11. h4 h6 12. Qc2 Ne5 13. O-O Qa5 14. b3 Rfb8 15. Bd2 c4 16. Rfc1 Qa3 17. Nb1 cxb3 18. Nxa3 bxc2 19. Nxc2 g5 20. hxg5 hxg5 21. Nh3 Bxe2 22. Nd4 g4 23. Ng5 Bf3 24. Ngxf3 gxf3 25. Nxf3 Ne4 26. Nxe5 Bxe5 27. Bxe4 Bxa1 28. Rxa1 Rb2 29. Bg5 f6 30. Bf4 Raxa2 31. Rxa2 Rxa2 32. Bf5 Kg7 33. Kg2 Ra5 34. Be6 Ra3 35. g4 Ra4 36. Kg3 Ra3+ 37. Be3 Kg6 38. Kf3 Ra5 39. Bf5+ Kg7 40. Ke4 Ra4+ 41. Bd4 Kh6 42. Bd7 Rb4 43. Kd3 Rb7 44. Bf5 Rb3+ 45. Kc4 Rb7 46. Be6 Rc7+ 47. Kd3 Rb7 48. Be3+ Kg7 49. f4 Rb3+ 50. Ke4 Rb4+ 51. Kf5 Rb3 52. Bd4 Rb4 53. Be3 Rb3 54. Bd2 Rb2 55. Ba5 Kf8 56. Be1 Re2 57. Bh4 Rh2 58. Bxf6 exf6 59. Kxf6 Rf2 60. f5 1-0

[Event "Guimaraes Open 2019"]
[Site "Guimaraes"]
[Date "2019.09.01"]
[Round "7.27"]
[White "Basilio, Rodrigo"]
[Black "Fernandes, Miguel A. Murtinho"]
[Result "1/2-1/2"]
[ECO "B15"]
[WhiteElo "1782"]
[BlackElo "2108"]
[Annotator "NA"]
[PlyCount "76"]
[EventDate "2019.08.28"]
[EventType "swiss"]
[EventCountry "POR"]
[SourceTitle "playchess.com"]
[Source "ChessBase"]
[SourceQuality "1"]
[TimeControl "5400+30"]

1. e4 c6 2. d4 d5 3. Nd2 dxe4 4. Nxe4 Nf6 5. Nxf6+ exf6 6. Nf3 Bd6 7. Bd3 O-O 8. O-O Re8 9. h3 Nd7 10. c4 Nf8 11. d5 Ng6 12. Be3 cxd5 13. cxd5 Ne5 14. Nxe5 fxe5 15. Rc1 e4 16. Bb5 Bd7 17. Bxd7 Qxd7 18. Bc5 Bf4 19. Rc4 b5 20. Rc2 Rad8 21. Qg4 Qxg4 22. hxg4 Rxd5 23. Bxa7 f6 24. g3 e3 25. Re1 exf2+ 26. Bxf2 Rxe1+ 27. Bxe1 Be5 28. Kg2 Kf7 29. Bf2 Kg6 30. b3 Kg5 31. Kh3 f5 32. gxf5 Kxf5 33. a4 bxa4 34. bxa4 Ke4 35. Kg2 Kd3 36. Rc5 Rxc5 37. Bxc5 Bc7 38. Bb4 Kc4 1/2-1/2

[Event "Guimaraes Open 2019"]
[Site "Guimaraes"]
[Date "2019.09.01"]
[Round "7.28"]
[White "Duller Llopis, Jouke"]
[Black "Fidalgo, Daniel Neves"]
[Result "0-1"]
[ECO "A48"]
[WhiteElo "1781"]
[BlackElo "2089"]
[Annotator "NA"]
[PlyCount "120"]
[EventDate "2019.08.28"]
[EventType "swiss"]
[EventCountry "POR"]
[SourceTitle "playchess.com"]
[Source "ChessBase"]
[SourceQuality "1"]
[TimeControl "5400+30"]

1. Nf3 Nf6 2. d4 g6 3. c3 d5 4. Bf4 Bg7 5. e3 O-O 6. Be2 c5 7. b4 b6 8. O-O Bf5 9. Nbd2 Nh5 10. Be5 Nd7 11. Bxg7 Nxg7 12. bxc5 bxc5 13. c4 cxd4 14. Nxd4 Ne5 15. cxd5 g5 16. N2f3 Nxf3+ 17. Bxf3 Bd7 18. Nc6 Bxc6 19. dxc6 Qc7 20. Rb1 Rad8 21. Qa4 Ne6 22. Rb7 Qd6 23. Qa5 g4 24. Bxg4 Qxc6 25. Rxe7 Rd5 26. Bf3 Rxa5 27. Bxc6 Nd8 28. Be4 Rxa2 29. Bd5 Ra5 30. e4 Kg7 31. Rc7 Kf6 32. g3 Ne6 33. Bxe6 Kxe6 34. f4 Rd8 35. Rfc1 Rd6 36. e5 Rd7 37. R1c6+ Ke7 38. Kf2 Ra2+ 39. Ke3 a5 40. Rxd7+ Kxd7 41. Rd6+ Ke7 42. h4 Ra3+ 43. Kf2 a4 44. Rd2 h5 45. f5 Rb3 46. Ra2 a3 47. Ke1 Rxg3 48. Kd1 Kd7 49. Kc1 Rf3 50. Rd2+ Ke7 51. Kb1 Rxf5 52. Rd3 Rxe5 53. Rxa3 Re4 54. Ra7+ Kf6 55. Kc2 Rxh4 56. Kd3 Rg4 57. Ke3 Kg6 58. Kf3 Rb4 59. Ra6+ Kg5 60. Ra5+ f5 0-1

[Event "Guimaraes Open 2019"]
[Site "Guimaraes"]
[Date "2019.09.01"]
[Round "7.29"]
[White "Soares, Luis Francisco Almei"]
[Black "Diaz Gomez, Mateo"]
[Result "1-0"]
[ECO "A83"]
[WhiteElo "2033"]
[BlackElo "1851"]
[Annotator "NA"]
[PlyCount "67"]
[EventDate "2019.08.28"]
[EventType "swiss"]
[EventCountry "POR"]
[SourceTitle "playchess.com"]
[Source "ChessBase"]
[SourceQuality "1"]
[TimeControl "5400+30"]

1. d4 f5 2. e4 fxe4 3. Nc3 Nf6 4. Bg5 Nc6 5. d5 Ne5 6. Qd4 d6 7. Nxe4 c6 8. Nc3 Qb6 9. Qxb6 axb6 10. dxc6 bxc6 11. f4 Nf7 12. Bh4 Bf5 13. O-O-O Ne4 14. Nge2 Nxc3 15. Nxc3 e5 16. fxe5 Nxe5 17. h3 Be7 18. Bxe7 Kxe7 19. g4 Be6 20. a3 Rhf8 21. Be2 Rf2 22. Rxd6 Bd5 23. Rxd5 cxd5 24. Nxd5+ Kf8 25. Rf1 Rxf1+ 26. Bxf1 Nf3 27. Bg2 Nh4 28. Be4 Re8 29. Nc3 Re5 30. Kd2 h5 31. Ke3 hxg4 32. hxg4 g5 33. a4 Rc5 34. Kd4 1-0

[Event "Guimaraes Open 2019"]
[Site "Guimaraes"]
[Date "2019.09.01"]
[Round "7.30"]
[White "Andrade, Ricardo Sarmento"]
[Black "Sanleon Pravisano, Nieves"]
[Result "0-1"]
[ECO "D00"]
[WhiteElo "1756"]
[BlackElo "1995"]
[Annotator "NA"]
[PlyCount "62"]
[EventDate "2019.08.28"]
[EventType "swiss"]
[EventCountry "POR"]
[SourceTitle "playchess.com"]
[Source "ChessBase"]
[SourceQuality "1"]
[TimeControl "5400+30"]

1. d4 d5 2. Bf4 Nf6 3. e3 e6 4. Nd2 c5 5. c3 Nc6 6. Bd3 Bd6 7. Bg3 O-O 8. Ngf3 b6 9. Qe2 Bb7 10. Rd1 Ne7 11. dxc5 bxc5 12. e4 Bxg3 13. hxg3 Ng6 14. Ng5 h6 15. e5 Nd7 16. Bxg6 Qxg5 17. Bd3 Qxe5 18. Bb5 Qxe2+ 19. Kxe2 Nf6 20. f3 a5 21. Nb3 Rfc8 22. Kd2 a4 23. Nc1 c4 24. b3 axb3 25. axb3 cxb3 26. Nxb3 Ra2+ 27. Kd3 Rxg2 28. Rhg1 Rxg1 29. Rxg1 Bc6 30. Ba6 Ra8 31. Ra1 Rxa6 0-1

[Event "Guimaraes Open 2019"]
[Site "Guimaraes"]
[Date "2019.09.01"]
[Round "7.31"]
[White "Tevar Becerra, Alvaro"]
[Black "Santos, Jose Miguel Sereno"]
[Result "0-1"]
[ECO "B13"]
[WhiteElo "1990"]
[BlackElo "1749"]
[Annotator "NA"]
[PlyCount "122"]
[EventDate "2019.08.28"]
[EventType "swiss"]
[EventCountry "POR"]
[SourceTitle "playchess.com"]
[Source "ChessBase"]
[SourceQuality "1"]
[TimeControl "5400+30"]

1. e4 c6 2. d4 d5 3. exd5 cxd5 4. Bb5+ Nc6 5. Nc3 Nf6 6. Nf3 a6 7. Bxc6+ bxc6 8. Ne5 Bd7 9. O-O e6 10. Bg5 Be7 11. a4 a5 12. Qd3 O-O 13. Rab1 Ne8 14. Bxe7 Qxe7 15. Nxd7 Qxd7 16. b4 axb4 17. Rxb4 Nd6 18. Rfb1 Rfc8 19. h3 f6 20. Qg3 c5 21. dxc5 Rxc5 22. Rb8+ Rc8 23. Rxa8 Rxa8 24. Rb6 Nf5 25. Rb8+ Kf7 26. Qf4 Ra7 27. Qb4 Qe7 28. Qb6 Nd6 29. Nb5 Nxb5 30. Qxb5 Qd7 31. Ra8 Rb7 32. Qc5 Qe7 33. Qc8 Rc7 34. Qb8 Rb7 35. Qg8+ Kg6 36. g3 d4 37. Rb8 Ra7 38. Re8 Qf7 39. Qh8 Rxa4 40. Rb8 Qd7 41. g4 Ra1+ 42. Kh2 Qd6+ 43. Kg2 Qc6+ 44. Kg3 Kh6 45. Qf8 Qxc2 46. g5+ fxg5 47. Re8 Qd3+ 48. Kh2 Qe4 49. Rxe6+ Qxe6 50. Qf3 Qd6+ 51. Kg2 Ra3 52. Qe4 Ra6 53. Qd3 Qd5+ 54. Kh2 Rf6 55. Kg3 Qe5+ 56. Kg2 Qf4 57. f3 Qe3 58. Qf1 d3 59. h4 gxh4 60. Qh1 Qxf3+ 61. Kh2 Qg3# 0-1

[Event "Guimaraes Open 2019"]
[Site "Guimaraes"]
[Date "2019.09.01"]
[Round "7.32"]
[White "Pipiras, Filipa Fortuna"]
[Black "Guimaraes, Henrique Oliveira"]
[Result "0-1"]
[ECO "D34"]
[WhiteElo "1959"]
[BlackElo "1412"]
[Annotator "NA"]
[PlyCount "52"]
[EventDate "2019.08.28"]
[EventType "swiss"]
[EventCountry "POR"]
[SourceTitle "playchess.com"]
[Source "ChessBase"]
[SourceQuality "1"]
[TimeControl "5400+30"]

1. d4 d5 2. c4 e6 3. Nc3 c5 4. cxd5 exd5 5. Nf3 Nc6 6. g3 Nf6 7. Bg2 Be7 8. O-O O-O 9. dxc5 d4 10. Na4 b5 11. cxb6 axb6 12. b3 Ra7 13. Re1 Bf5 14. Nh4 Be4 15. f3 Bd5 16. e4 Be6 17. Bf1 Ra5 18. Bd2 Bb4 19. Nb2 Qd7 20. Nd3 Bc3 21. Rc1 Rxa2 22. Bxc3 dxc3 23. Re2 Rxe2 24. Bxe2 Nd4 25. Rxc3 Nxe2+ 26. Qxe2 Qd4+ 0-1

[Event "Guimaraes Open 2019"]
[Site "Guimaraes"]
[Date "2019.09.01"]
[Round "7.33"]
[White "Silva, Daniel Frederico V"]
[Black "Marques, Ricardo Taborda Trig"]
[Result "1-0"]
[ECO "B07"]
[WhiteElo "1655"]
[BlackElo "1958"]
[Annotator "NA"]
[PlyCount "110"]
[EventDate "2019.08.28"]
[EventType "swiss"]
[EventCountry "POR"]
[SourceTitle "playchess.com"]
[Source "ChessBase"]
[SourceQuality "1"]
[TimeControl "5400+30"]

1. e4 d6 2. d4 Nf6 3. Nc3 c6 4. Nf3 Bg4 5. Be2 e6 6. h3 Bh5 7. Be3 Be7 8. Qd2 d5 9. e5 Nfd7 10. Bg5 a6 11. Bxe7 Qxe7 12. a3 Bxf3 13. gxf3 c5 14. dxc5 Nc6 15. f4 Qxc5 16. b4 Qa7 17. Rd1 O-O 18. Rg1 Ne7 19. h4 f6 20. Bg4 f5 21. Bh5 Rac8 22. Ne2 Qb6 23. Qd4 g6 24. Qxb6 Nxb6 25. Nd4 Kf7 26. Be2 Rc3 27. Rg3 Rfc8 28. Rxc3 Rxc3 29. Rd3 Rc4 30. Kd2 Nc6 31. Nxc6 Rxc6 32. Rd4 Rc7 33. Bf1 Kg7 34. Be2 Kh6 35. c3 Nc4+ 36. Bxc4 Rxc4 37. Rxc4 dxc4 38. Ke3 Kh5 39. Kd4 b5 40. Kc5 Kxh4 41. Kd6 Kg4 42. Kxe6 h5 43. Kd6 h4 44. e6 h3 45. e7 h2 46. e8=Q h1=Q 47. Qxg6+ Kf3 48. Qxf5 Qh6+ 49. Kc5 Kxf2 50. Qe5 Kf3 51. f5 Kg4 52. f6 Qf8+ 53. Qe7 Qc8+ 54. Kb6 Qb8+ 55. Ka5 Kf3 1-0